 Dungeon Crawl Stone Soup version 0.25.0-9-g26727b657a (webtiles) character file.

Game seed: 4436281299566027591

15411 sanka the Nimble (level 12, 0/66 HPs)
             Began as a Vampire Air Elementalist on June 19, 2020.
             Was the Champion of Ru.
             Slain by a yak (2 damage)
             ... on level 1 of the Lair of Beasts.
             The game lasted 00:53:45 (16237 turns).

sanka the Nimble (Vampire Air Elementalist)        Turns: 16237, Time: 00:53:45

Health: 0/66       AC:  9    Str: 11    XL:     12   Next: 1%
Magic:  4/18       EV: 21    Int: 22    God:    Ru [******]
Gold:   820        SH:  0    Dex: 15    Spells: 9/19 levels left

rFire    . . .     SeeInvis +   a - +1 hand axe (elec)
rCold    + + .     Gourm    .   (shield unavailable)
rNeg     + + +     Faith    .   r - +2 leather armour "Acosasit" {rPois Str+4 Stlth+}
rPois    ∞         Spirit   .   j - +2 helmet
rElec    .         Reflect  .   h - +0 cloak
rCorr    .         Harm     .   (no gloves)
MR       +....                  (no boots)
Stlth    ++++++....             s - amulet of magic regeneration
HPRegen  0.00/turn              (ring unavailable)
MPRegen  0.41/turn              A - ring of stealth

@: bloodless
A: no food, fangs 3, see invisible, frail 1, unbreathing, missing a hand,
inability to use devices
a: Bat Form, Revivify, Draw Out Power, Power Leap, Apocalypse, Renounce Religion


You were on level 1 of the Lair of Beasts.
You worshipped Ru.
Ru was exalted by your worship.
You were bloodless.

You visited 3 branches of the dungeon, and saw 13 of its levels.
You also visited: Sewer.

You collected 820 gold pieces.

Inventory:

Hand Weapons
 a - a +1 hand axe of electrocution (weapon)
 b - a +1 dagger of venom
 k - a +0 war axe
 w - a +2 hunting sling of freezing
Missiles
 i - 14 atropa-tipped darts (quivered)
 v - 3 throwing nets
 z - 12 javelins
 N - 62 sling bullets
 S - 4 curare-tipped darts
Armour
 h - a +0 cloak (worn)
 j - a +2 helmet (worn)
 r - the +2 leather armour "Acosasit" (worn) {rPois Str+4 Stlth+}
   (You found it on level 4 of the Dungeon)

   It affects your strength (+4).
   It protects you from poison.
   It makes you more stealthy.
 H - the +0 ring mail of Devotion {rN++ MR+++ Regen+ Str-3}
   (You found it on level 7 of the Dungeon)

   It affects your strength (-3).
   It greatly protects you from negative energy.
   It affects your resistance to hostile enchantments.
   It increases your rate of regeneration.
 L - a +2 ring mail of fire resistance
Jewellery
 s - an amulet of magic regeneration (around neck)
 A - a ring of stealth (right hand)
 R - an uncursed ring of ice
Scrolls
 d - 3 scrolls of fog
 g - a scroll of holy word {unknown}
 m - 7 scrolls of teleportation
 n - 9 scrolls of remove curse
 t - 2 scrolls of magic mapping
 x - 5 scrolls of amnesia
 C - 3 scrolls of immolation
 D - 2 scrolls of fear
 F - 2 scrolls of enchant armour
 G - 2 scrolls of torment {unknown}
 K - a scroll of summoning {unknown}
 P - a scroll of blinking {unknown}
 Q - a scroll of silence {unknown}
Potions
 c - 2 potions of heal wounds {unknown}
 e - 4 potions of brilliance
 f - 3 potions of invisibility {unknown}
 l - 2 potions of might {unknown}
 o - 3 potions of haste
 q - 2 potions of mutation {unknown}
 u - 2 potions of ambrosia {unknown}
 y - a potion of stabbing {unknown}
 B - a potion of berserk rage {unknown}
 E - 4 potions of flight {unknown}
 I - a potion of experience {unknown}
 J - a potion of lignification {unknown}
 M - 6 potions of curing
 O - 3 potions of degeneration {unknown}


   Skills:
 + Level 9.0 Fighting
 + Level 14.2 Dodging
 - Level 3.0 Stealth
 - Level 4.0 Spellcasting
 - Level 2.0 Conjurations
 - Level 10.0 Air Magic


You had 9 spell levels left.
You knew the following spells:

 Your Spells              Type           Power        Failure   Level  Hunger
a - Shock                 Conj/Air       ####         1%          1    N/A
b - Swiftness             Chrm/Air       ####....     2%          2    N/A
c - Static Discharge      Conj/Air       ####....     3%          3    N/A
d - Airstrike             Air            #####.....   2%          4    N/A

Your spell library contained the following spells:

 Spells                   Type           Power        Failure   Level  Hunger
 Lightning Bolt           Conj/Air       ####......   34%         5    N/A
 Confusing Touch          Hex            #.......     41%         3    N/A
 Gell's Gravitas          Tloc           #.........   41%         3    N/A
 Petrify                  Tmut/Erth      #.......     82%         4    N/A
 Metabolic Englaciation   Hex/Ice        #.........   99%         5    N/A
 Yara's Violent Unravell  Hex/Tmut       #.........   99%         5    N/A

Dungeon Overview and Level Annotations

Branches:
Dungeon (11/15)            Temple (1/1) D:4            Lair (1/6) D:8
    Orc (0/2) D:9           Sewer (visited)

Altars:
Ashenzari
Cheibriados
Dithmenos
Elyvilon
Fedhas
Gozag
Hepliaklqana
Kikubaaqudgha
Makhleb
Nemelex Xobeh
Okawaru
Qazlal
Ru
Sif Muna
Trog
Uskayaw
Vehumet
Wu Jian
Xom
Yredelemnul
Zin
The Shining One
Beogh

Shops:
D:6 :

Annotations:
D:7 1 runed translucent door


Innate Abilities, Weirdness & Mutations

You do not eat.
You do not regenerate when monsters are visible.
You are frail without blood (-20% HP).
You can heal yourself when you bite living creatures.
You are immune to poison.
You have razor-sharp teeth.
You have supernaturally acute eyesight. (SInv)
You are frail. (-10% HP)
You can survive without breathing.
You are missing a hand.
You cannot study or use magical devices.


Message History

The yak is struck by an arc of lightning!
You kill the yak!
You have reached level 12!
Your experience leads to an increase in your attributes!
Your base attributes are Str 7, Int 21, Dex 15.
Increase (S)trength, (I)ntelligence, or (D)exterity?
You feel clever.
The lightning grounds out.
The yak is stunned by your will and fails to attack.
The yak barely misses you.
Casting: Static Discharge (dangerous; 3% risk of failure)
Confirm with . or Enter, or press ? or * to list all spells.
The yak is struck by an arc of lightning!
The yak is almost dead.
You are struck by an arc of lightning.
* * * LOW HITPOINT WARNING * * *
The lightning grounds out.
The yak gores you.
* * * LOW HITPOINT WARNING * * *
The yak gores you.
You die...

..# #.........###P..^.. ..#
#..........#....#.. ..#
#.....##........... ..#
#...####........... ..##
##....##............ ...#
#.........%.........
..#######..........%%%....#
..P##.###........Y..P.....#
≈...........##P.@Y.%%%.....
≈≈..>.......P##.....=......
≈)..........###...........#
...#######..##............#
...# ..###....##...... ....
..# #....# #.... .... ..#
#....# ... .... .. ...?..
..


You could see 2 yaks.

Vanquished Creatures
  Erolcha (D:9)
  A death knight (D:11)
  A two-headed ogre (D:8)
  Sonja (Lair:1)
  A skeletal warrior (D:11)
  4 lindwurms (D:8)
  Pikel (D:7)
  A cyclops (D:11)
  Maurice (D:9)
  Joseph (D:9)
  2 freezing wraiths (D:11)
  4 hippogriffs
  Sigmund (D:2)
  A wraith (D:10)
  2 wyverns
  A vampire (D:11)
  3 yaks (Lair:1)
  A hungry ghost (D:11)
  2 chaos spawn (D:10)
  Menkaure (D:5)
  Edmund (D:4)
  A water moccasin (Lair:1)
  4 ice beasts
  5 sky beasts
  8 orc warriors
  Duvessa (D:6)
  2 phantoms
  An eye of draining (D:4)
  7 ogres
  3 centaurs
  A crocodile (D:10)
  2 big kobolds
  5 bullfrogs
  Dowan (D:6)
  A scorpion (D:7)
  9 killer bees
  4 wights (D:11)
  2 electric eels (D:9)
  2 howler monkeys (D:8)
  3 crimson imps
  2 centaur zombies
  4 hounds
  9 orc priests
  A jelly (D:7)
  21 orc wizards
  An iguana (D:10)
  Natasha (thrice) (D:3)
  Ijyb (D:5)
  8 worker ants
  2 hound skeletons
  A worker ant zombie (D:7)
  Robin (D:2)
  7 gnolls
  A howler monkey skeleton (D:4)
  11 adders
  2 river rats
  A shadow imp (D:9)
  An adder zombie (D:7)
  4 dart slugs
  5 leopard geckos
  71 orcs
  8 giant cockroaches
  18 goblins
  13 hobgoblins
  9 jackals
  13 kobolds
  5 quokkas
  9 bats
  6 frilled lizards
  A quokka zombie (D:6)
  15 rats
348 creatures vanquished.

Vanquished Creatures (others)
  A slave (D:7)
  2 orc wizards
  2 orcs
5 creatures vanquished.

Grand Total: 353 creatures vanquished

Notes
Turn   | Place    | Note
-------+----------+-------------------------------------------
     0 | D:1      | sanka the Vampire Air Elementalist began the quest for the
                  | Orb.
     0 | D:1      | Reached XP level 1. HP: 13/13 MP: 3/3
   128 | D:1      | Reached skill level 1 in Conjurations
   132 | D:1      | Reached XP level 2. HP: 9/19 MP: 1/5
   179 | D:1      | Learned a level 2 spell: Swiftness
   785 | D:1      | Reached XP level 3. HP: 24/24 MP: 4/6
   996 | D:1      | Learned a level 3 spell: Static Discharge
  1222 | D:2      | Noticed Sigmund
  1503 | D:2      | Noticed Robin
  1518 | D:2      | Reached XP level 4. HP: 22/30 MP: 7/7
  1564 | D:2      | Killed Robin
  1806 | D:2      | Reached skill level 5 in Air Magic
  1932 | D:2      | Reached XP level 5. HP: 35/35 MP: 5/8
  2019 | D:2      | Found a sacrificial altar of Ru.
  2019 | D:2      | Found a basalt altar of Yredelemnul.
  2020 | D:2      | Found a shimmering blue altar of Sif Muna.
  2504 | D:2      | Killed Sigmund
  2504 | D:2      | Reached XP level 6. HP: 19/32 MP: 3/9
  2887 | D:2      | Became a worshipper of Ru the Awakened
  3053 | D:3      | Found a white marble altar of Elyvilon.
  3121 | D:3      | Noticed Natasha
  3145 | D:3      | Killed Natasha
  3583 | D:3      | Noticed Natasha
  3588 | D:3      | Killed Natasha
  3887 | D:4      | Found a staircase to the Ecumenical Temple.
  3911 | D:4      | Noticed Edmund
  3914 | D:4      | Reached XP level 7. HP: 19/36 MP: 2/10
  3949 | D:3      | Noticed Natasha
  3952 | D:3      | Killed Natasha
  4102 | Temple   | Entered the Ecumenical Temple
  4265 | D:4      | Killed Edmund
  4554 | D:4      | Got a jacinth-studded leather armour
  4565 | D:4      | Identified the +2 leather armour "Acosasit" {rPois Str+4
                  | Stlth+} (You found it on level 4 of the Dungeon)
  4571 | D:4      | Learned a level 4 spell: Airstrike
  4672 | D:4      | Gained mutation: You cannot study or use magical devices.
                  | [Ru sacrifice]
  4672 | D:4      | Reached * piety under Ru
  4672 | D:4      | Reached ** piety under Ru
  4973 | D:4      | Found a bloodstained altar of Trog.
  5499 | D:5      | Entered Level 5 of the Dungeon
  5512 | D:5      | Reached XP level 8. HP: 41/41 MP: 0/12
  5672 | D:5      | Noticed Ijyb
  6156 | D:5      | Noticed Menkaure
  6163 | D:5      | Killed Menkaure
  6224 | D:5      | Killed Ijyb
  6737 | D:5      | Reached skill level 10 in Air Magic
  6892 | D:5      | Reached skill level 3 in Dodging
  6973 | D:6      | Found a basalt altar of Yredelemnul.
  7055 | D:6      | Reached skill level 4 in Dodging
  7060 | D:6      | Found Wimuradgh's Book Shoppe.
  7102 | D:6      | Noticed Dowan
  7103 | D:6      | Noticed Duvessa
  7133 | D:6      | Killed Duvessa
  7135 | D:6      | Killed Dowan
  7135 | D:6      | Reached skill level 5 in Dodging
  7248 | D:6      | Found a hazy altar of Hepliaklqana.
  7429 | D:6      | Found a glowing drain.
  7433 | Sewer    | Entered a sewer
  7442 | Sewer    | Gained mutation: You are frail. (-10% HP) [Ru sacrifice]
  7442 | Sewer    | Reached *** piety under Ru
  7442 | Sewer    | Reached **** piety under Ru
  7585 | Sewer    | Found a glowing silver altar of Zin.
  7961 | D:6      | Reached skill level 6 in Dodging
  7961 | D:6      | Reached XP level 9. HP: 32/39 MP: 15/15
  8180 | D:7      | Found a glowing golden altar of the Shining One.
  8181 | D:7      | Found a runed translucent door.
  8181 | D:7      | Noticed an angel
  8283 | D:7      | Reached skill level 7 in Dodging
  8522 | D:7      | Reached skill level 8 in Dodging
  8640 | D:7      | Gained mutation: You are missing a hand. [Ru sacrifice]
  8640 | D:7      | Reached ***** piety under Ru
  8640 | D:7      | Reached ****** piety under Ru
  9094 | D:7      | Reached skill level 9 in Dodging
  9101 | D:7      | Got a distressingly furry ring mail
  9112 | D:7      | Identified the +0 ring mail of Devotion {rN++ MR+++ Regen+
                  | Str-3} (You found it on level 7 of the Dungeon)
  9113 | D:7      | Noticed Pikel
  9143 | D:7      | Killed Pikel
  9143 | D:7      | Reached skill level 10 in Dodging
 10185 | D:8      | Found a staircase to the Lair.
 10337 | D:8      | Reached skill level 1 in Fighting
 10564 | D:8      | Reached XP level 10. HP: 46/46 MP: 11/16
 10777 | D:8      | Noticed a lindwurm
 10786 | D:8      | Noticed a lindwurm
 10807 | D:8      | Noticed a lindwurm
 10823 | D:8      | Noticed a lindwurm
 10972 | D:8      | Killed a lindwurm
 10972 | D:8      | Reached skill level 11 in Dodging
 11063 | D:8      | Killed a lindwurm
 11121 | D:8      | Killed a lindwurm
 11205 | D:8      | Killed a lindwurm
 11256 | D:8      | Got a faintly glowing marble ring
 11299 | D:8      | Identified the cursed ring "Zoocw" {rPois rN+++ AC-4 Str+2
                  | Int-4} (You found it on level 8 of the Dungeon)
 11346 | D:8      | Reached skill level 5 in Fighting
 11420 | D:8      | Reached skill level 12 in Dodging
 11508 | D:8      | Noticed a two-headed ogre
 11522 | D:8      | Killed a two-headed ogre
 11901 | D:9      | Noticed Erolcha
 11946 | D:9      | Killed Erolcha
 11946 | D:9      | Reached XP level 11. HP: 56/56 MP: 9/17
 12249 | D:9      | Found a staircase to the Orcish Mines.
 12406 | D:9      | Noticed Maurice
 12408 | D:9      | Noticed Joseph
 12410 | D:9      | Killed Maurice
 12438 | D:9      | Killed Joseph
 13131 | D:9      | Found a roughly hewn altar of Beogh.
 13145 | D:9      | Reached skill level 13 in Dodging
 13709 | D:10     | Entered Level 10 of the Dungeon
 14281 | D:10     | Found a shimmering altar of Xom.
 14284 | D:10     | Found the +7 mace of Variability {chain chaos}
 15084 | D:11     | Found a stormy altar of Qazlal.
 15723 | D:11     | Noticed a skeletal warrior
 15726 | D:11     | Noticed a death knight
 15731 | D:11     | Killed a skeletal warrior
 15733 | D:11     | Killed a death knight
 15733 | D:11     | Reached skill level 14 in Dodging
 16037 | Lair:1   | Entered Level 1 of the Lair of Beasts
 16063 | Lair:1   | Noticed Sonja
 16065 | Lair:1   | Killed Sonja
 16235 | Lair:1   | Reached XP level 12. HP: 10/66 MP: 6/18
 16237 | Lair:1   | HP: 2/66 [yak (4)]
 16237 | Lair:1   | Slain by a yak

Illustrated notes

Levels and vault maps discovered:
D:1:      mrwooster_arrival_arrow, layout_basic, serial_corexii_hall,
          chequers_hall_statues_corner_a, corexii_hall_statues_i,
          hangedman_decor_peaks_small
D:2:      layout_basic, nicolae_overflow_hidden_temple, uniq_sigmund, uniq_robin
D:3:      layout_loops_ring, lemuel_round_altar, first_ration,
          grunt_decor_arrowhead, uniq_natasha
D:4:      layout_basic, trog_eyes_of_draining, minmay_temple_entry_ruins,
          uniq_edmund
D:5:      layout_rooms, uniq_ijyb, uniq_menkaure
D:6:      layout_loops_corners, lemuel_doored_altar, gup_sewer_entry_bowl,
          basic_altar, serial_shops, kennysheep_mini, uniq_duvessa
D:7:      layout_basic, grunt_ogre_cave, lemuel_angel_altar, uniq_pikel
D:8:      layout_basic, lair_entry_dummy, minmay_lindwurm_lava
D:9:      layout_basic, erik_orc_2, special_room [special_room_orc],
          kennysheep_generic_room_6, uniq_maurice, uniq_erolcha, uniq_joseph
D:10:     layout_basic, minmay_guarded_unrand_variability
D:11:     layout_cave_pods, nicolae_qazlal_general_emergency
Temple:   eino_temple_scatter_basement
Lair:1:   layout_small_grid, serial_bayou_ford_a,
          chequers_serial_rivers_small_a, lemuel_fruit_tree,
          lemuel_fruit_fields, serial_bayou_shore_a, uniq_sonja

Skill      XL: |  1  2  3  4  5  6  7  8  9 10 11 |
---------------+----------------------------------+-----
Conjurations   | 1 2 |  2.0
Air Magic      | 4 5 6 7 9 10 | 10.0
Spellcasting   | 4 |  4.0
Dodging        | 6 10 12 14 | 14.2
Fighting       | 1 6 9 |  9.0
Stealth        | |  3.0

Action                   |  1- 3 |  4- 6 |  7- 9 | 10-12 || total
-------------------------+-------+-------+-------+-------++-------
Melee: Unarmed           |    13 |       |       |       ||    13
       Bite              |     3 |     1 |    13 |    18 ||    35
       Spear             |    16 |    12 |       |       ||    28
       War axe           |       |    24 |    24 |       ||    48
       Hand axe          |       |       |   135 |   191 ||   326
       Dagger            |       |       |    21 |    21 ||    42
 Fire: Hunting sling     |       |       |       |     7 ||     7
Throw: Dart              |       |       |       |     1 ||     1
 Cast: Shock             |    76 |   107 |   228 |   133 ||   544
       Static Discharge  |       |       |     7 |    38 ||    45
       Airstrike         |       |       |    19 |    85 ||   104
Invok: Sacrifice Artific |       |       |     1 |       ||     1
       Sacrifice Health  |       |       |     1 |       ||     1
       Sacrifice a Hand  |       |       |     1 |       ||     1
       Apocalypse        |       |       |       |     2 ||     2
 Abil: Exsanguinate      |       |     1 |       |       ||     1
       End Transformatio |       |       |     1 |     1 ||     2
       Bat Form          |       |       |     1 |     1 ||     2
  Use: Scroll            |       |       |     5 |     4 ||     9
       Potion            |       |       |       |     2 ||     2
 Stab: Sleeping          |       |       |     6 |     1 ||     7
       Distracted        |       |       |     1 |     2 ||     3
       Paralysed         |       |       |       |     4 ||     4
Armor: Robe              |    10 |    17 |     4 |       ||    31
       Leather armour    |       |       |    62 |    45 ||   107
Dodge: Dodged            |    46 |    34 |   148 |   214 ||   442
